 Dungeon Crawl Stone Soup version 0.32-a0-485-g70f7560b1c (webtiles) character file.

Game seed: 4532062831301958014

59098 croobank the Lord of Darkness (level 14, -7/77 HPs)
             Began as a Felid Summoner on Feb 26, 2024.
             Was the Champion of Kikubaaqudgha.
             Mangled by an orc knight
             ... wielding a +3 long sword
              (42 damage)
             ... on level 2 of the Orcish Mines.
             The game lasted 02:29:35 (23104 turns).

croobank the Lord of Darkness (Felid Summoner)     Turns: 23104, Time: 02:29:35

Health: -7/77      AC:  3    Str:  4    XL:     14   Next: 51%
Magic:  17/38      EV: 24    Int: 25    God:    Kikubaaqudgha [******]
Gold:   1773       SH:  0    Dex: 19    Spells: 10/33 levels left
                                        Lives:  0   Deaths: 4

rFire   + . .        (weapon unavailable)
rCold   + + .        (shield unavailable)
rNeg    . . .        (body armour unavailable)
rPois   +            (helmet unavailable)
rElec   .            (cloak unavailable)
rCorr   +            (gloves unavailable)
SInv    +            (boots unavailable)
Will    ++...        v - amulet "Leonn" {RegenMP rPois rC+ rCorr Dex+3}
Stlth   +++++        u - ring of protection from fire
HPRegen 0.32/turn    G - ring of magical power
MPRegen 0.66/turn

%: no passive effects
@: death channelling, invisible
A: very small, claws 1, fangs 3, see invisible, shaggy fur 3, stealthy paws, no
weapons or thrown items, no armour, multi-lived
a: Renounce Religion, Unearth Wretches, Torment


You were on level 2 of the Orcish Mines.
You worshipped Kikubaaqudgha.
Kikubaaqudgha was exalted by your worship.
You visited 4 branches of the dungeon, and saw 20 of its levels.
You also visited: Bailey.

You collected 1773 gold pieces.

Inventory:

Jewellery
 u - a ring of protection from fire (left paw)
 v - the amulet "Leonn" (around neck) {RegenMP rPois rC+ rCorr Dex+3}
   (You acquired it in a bailey)

   [amulet of magic regeneration]

   RegenMP:   It increases your rate of magic regeneration.
   Dex+3:     It affects your dexterity (+3).
   rC+:       It protects you from cold.
   rPois:     It protects you from poison rCorr: It protects you from acid and
   corrosion.
 D - a ring of flight
 E - a ring of positive energy
 F - an amulet of faith
 G - a ring of magical power (right paw)
Wands
 h - a wand of polymorph (5)
 o - a wand of flame (15)
 w - a wand of paralysis (7)
 A - a wand of roots (8)
Scrolls
 a - 3 scrolls of fear
 f - 3 scrolls of poison
 j - 7 scrolls of teleportation
 n - 2 scrolls of blinking
 q - 4 scrolls of revelation
 y - a scroll of butterflies
 z - 5 scrolls of amnesia
 B - a scroll of vulnerability
 C - 3 scrolls of noise
 H - a scroll of torment
Potions
 b - 5 potions of attraction
 c - 10 potions of haste
 d - 2 potions of invisibility
 e - 3 potions of mutation
 g - 2 potions of ambrosia
 i - 5 potions of heal wounds
 k - a potion of might
 l - a potion of experience {unknown}
 m - 9 potions of curing
 p - a potion of enlightenment
 r - 2 potions of resistance
 s - a potion of brilliance
 x - a potion of lignification {unknown}


   Skills:
 - Level 10.0 Fighting
 - Level 10.0 Dodging
 - Level 10.0 Stealth
 - Level 10.0 Spellcasting
 - Level 7.0 Hexes
 - Level 10.0 Summonings
 + Level 13.6 Necromancy
 - Level 5.0 Fire Magic
 - Level 7.0 Air Magic


You had 10 spell levels left.
You knew the following spells:

 Your Spells              Type           Power      Damage    Failure   Level
b - Call Imp              Summ           100%       N/A       1%          2
c - Call Canine Familiar  Summ           58%        N/A       1%          3
d - Summon Blazeheart Go  Fire/Summ      50%        N/A       2%          4
e - Summon Lightning Spi  Summ/Air       53%        N/A       1%          4
D - Death Channel         Necr           34%        N/A       2%          6
N - Anguish               Hex/Necr       29%        N/A       1%          4

Your spell library contained the following spells:

 Spells                   Type           Power      Damage    Failure   Level
 Necrotise                Necr           100%       1d9       1%          1
 Summon Small Mammal      Summ           100%       N/A       1%          1
 Cigotuvi's Dreadful Rot  Necr/Alch/Air  92%        N/A       1%          2
 Ensorcelled Hibernation  Hex/Ice        60%        N/A       1%          2
 Jinxbite                 Hex            94%        N/A       1%          2
 Mercury Vapours          Alch/Air       60%        N/A       1%          2
 Sublimation of Blood     Necr           69%        N/A       1%          2
 Fugue of the Fallen      Necr           69%        N/A       1%          3
 Inner Flame              Hex/Fire       42%        N/A       1%          3
 Summon Ice Beast         Ice/Summ       37%        N/A       1%          3
 Swiftness                Air            47%        N/A       1%          3
 Vampiric Draining        Necr           69%        2d10      1%          3
 Dispel Undead            Necr           69%        3d23      1%          4
 Martyr's Knell           Necr/Summ      64%        N/A       1%          4
 Curse of Agony           Necr           69%        N/A       1%          5
 Apportation              Tloc           24%        N/A       4%          1
 Freeze                   Ice            48%        1d6       4%          1
 Sandblast                Erth           24%        2d8       4%          1
 Summon Mana Viper        Hex/Summ       53%        N/A       4%          5
 Mephitic Cloud           Conj/Alch/Air  24%        N/A       6%          3
 Borgnjor's Vile Clutch   Necr/Erth      23%        N/A       9%          5
 Frozen Ramparts          Ice            24%        1d4       14%         3
 Gell's Gravitas          Tloc           12%        N/A       14%         3
 Hailstorm                Conj/Ice       12%        3d6       14%         3
 Ozocubu's Armour         Ice            12%        N/A       14%         3
 Passwall                 Erth           12%        N/A       14%         3
 Stone Arrow              Conj/Erth      24%        3d8       14%         3
 Teleport Other           Tloc           12%        N/A       14%         3
 Flame Wave               Conj/Fire      25%        2d8       17%         4
 Sticky Flame             Fire/Alch      25%        2d6       17%         4
 Yara's Violent Unravell  Hex/Alch       15%        3d8       32%         5
 Haunt                    Necr/Summ      32%        N/A       32%         7
 Brom's Barrelling Bould  Conj/Erth      12%        2d4       43%         4
 Manifold Assault         Tloc           12%        N/A       43%         4
 Freezing Cloud           Conj/Ice/Air   12%        6-21      47%         5
 Monstrous Menagerie      Summ           29%        N/A       56%         7
 Summon Hydra             Summ           29%        N/A       56%         7
 Borgnjor's Revivificati  Necr           34%        N/A       75%         8
 Infestation              Necr           34%        N/A       75%         8
 Alistair's Intoxication  Alch           8%         N/A       80%         5
 Irradiate                Conj/Alch      6%         3d13      80%         5
 Enfeeble                 Hex            23%        N/A       93%         7
 Dispersal                Tloc           6%         N/A       100%        6
 Ignition                 Fire           18%        3d7       100%        8
 Death's Door             Necr           34%        N/A       100%        9


Dungeon Overview and Level Annotations

Branches:
Dungeon (12/15)            Temple (1/1) D:6            Lair (5/5) D:8
 Shoals (0/4) Lair:2       Spider (0/4) Lair:2        Slime (0/5) Lair:4
    Orc (2/2) D:9             Elf (0/3) Orc:2        Bailey (visited)

Altars:
Ashenzari
Cheibriados
Dithmenos
Elyvilon
Fedhas
Gozag
Hepliaklqana
Kikubaaqudgha
Makhleb
Nemelex Xobeh
Okawaru
Qazlal
Ru
Sif Muna
Trog
Uskayaw
Vehumet
Wu Jian
Xom
Yredelemnul
Zin
The Shining One
Jiyva

Shops:
D:2 :   D:4 :   D:11 :   Orc:2 **=

Portals:
Trove: D:10 (show slimy rune of Zot)

Annotations:
D:9 exclusion: orange crystal statue
D:12 !skel warr


Innate Abilities, Weirdness & Mutations

You have sharp claws.
You have razor-sharp teeth.
You have supernaturally acute eyesight. (SInv)
Your thick and shaggy fur keeps you warm. (AC +3, rC+)
Your paws help you pounce on unaware monsters.
You are incapable of wielding weapons or throwing items.
You cannot wear armour.
You gain extra lives every three experience levels.


Message History

Casting: Anguish (mildly dangerous; 1% risk of failure)
Press: ? - help, Dir - look around, f - activate The orc warlord resists with some effort.
The orc warrior is haunted by guilt!
The orc warlord hits your blazeheart golem with a +0 heavy great mace!!
Casting: Anguish (mildly dangerous; 1% risk of failure)
Confirm with . or Enter, or press ? or * to list all spells.
You don't have enough magic to cast this spell.
Magic courses through your body.
The orc warrior hits your blazeheart golem with a +0 flail!!
Your blazeheart golem falls apart, revealing its core!
The orc warrior is wracked by anguish!
The orc warrior dies!
Kikubaaqudgha accepts your kill.
The orc completely misses your blazeheart core.
Casting: Anguish (mildly dangerous; 1% risk of failure)
Confirm with . or Enter, or press ? or * to list all spells.
Malign forces permeate your being, awaiting release.
Your blazeheart core explodes!
The fiery explosion engulfs the orc warlord!!
The fiery explosion engulfs the orc knight!!
The fiery explosion engulfs the orc!!!
You kill the orc!
Kikubaaqudgha accepts your kill. The fiery explosion engulfs you. You resist.
A glowing mist starts to gather...
The orc knight is engulfed in blazing flames.
The orc warlord is engulfed in blazing flames.
Found Susec's Jewellery Emporium.
The orc knight is engulfed in blazing flames.
Casting: Death Channel (dangerous; 2% risk of failure)
Confirm with . or Enter, or press ? or * to list all spells.
A fiery spirit appears, bound in slag iron.
The orc knight shouts!
The orc warrior no longer looks unusually strong.
The orc wizard no longer looks unusually strong.
The orc knight is engulfed in blazing flames.
The orc knight hits you with a +3 long sword!!!
Ouch! That really hurt!
You die...
Kikubaaqudgha rasps: You have failed me!
Welcome... death!

.P....∩......##
.........P.....#
..P............#
#...P..P.........
#..$....PP.......
#.$)............ ###
#........9...... ∩#..
##.))..o@.......
.....####)))$o#oZ.......
.........†))☼o)........
........†)))○○○......##
#....<..)))#......#.##
#.......†)†##........#
........##.###....#..#
##.#....#### ###.##... #
#.#.## ## .#


You could see an orc warlord (wandering, strong, unable to see you), an orc
knight (strong, unable to see you, anguished), an orc warrior (unable to see
you, anguished), an orc wizard (invisible, unable to see you, anguished), a
friendly spectral orc and a friendly blazeheart golem (summoned).

Vanquished Creatures
  Gastronok (D:10)
  An orc warlord (Bailey)
  The ghost of soberseth the Scorcher, a journeyman MDFE of Vehumet (Lair:2)
  6 two-headed ogres
  A boulder beetle (Lair:3)
  7 death yaks
  A skeletal warrior (D:12)
  An ugly thing (D:12)
  A manticore (D:12)
  4 elephants
  2 black mambas
  4 cane toads
  A gargoyle (D:11)
  3 komodo dragons
  2 kobold demonologists (D:11)
  A guardian mummy (D:10)
  2 trolls
  2 polar bears
  A hornet (Lair:5)
  2 blink frogs
  3 slime creatures (Lair:2)
  13 yaks
  5 spriggans (Lair:5)
  3 basilisks
  10 vampire mosquitoes
  A steam dragon (D:10)
  5 water moccasins
  A black bear (Lair:5)
  6 orc warriors
  4 ogres
  3 boggarts (Lair:5)
  9 wolves
  4 kobold brigands
  A gnoll sergeant (D:11)
  5 bullfrogs
  A scorpion (Lair:2)
  A wight (D:6)
  5 killer bees (D:9)
  2 troll zombies (D:9)
  2 jellies (Lair:2)
  2 iguanas (D:8)
  2 orc wizards
  4 ogre zombies (D:9)
  4 gnolls
  A shadow imp (D:7)
  A ribbon worm (Lair:2)
  10 orcs
  A bat (D:3)
  4 endoplasms
  A gnoll zombie (D:9)
  3 goblins
  3 hobgoblins
  A quokka (D:3)
  A gnoll skeleton (D:9)
  2 kobolds (D:11)
  2 orc zombies (D:9)
170 creatures vanquished.

Vanquished Creatures (collateral kills)
  A catoblepas (Lair:5)
  A boulder beetle (Lair:5)
  Sonja (Lair:3)
  A harpy (Lair:2)
  A deep elf pyromancer (D:12)
  4 oklob plants (Lair:4)
  3 elephants
  A kobold blastminer (Orc:1)
  2 black mambas
  3 cane toads
  A torpor snail (Lair:3)
  4 rime drakes
  A troll (D:11)
  2 polar bears
  3 hornets
  14 blink frogs
  2 dream sheep (Lair:5)
  A slime creature (Lair:2)
  4 spriggans (Lair:5)
  A wyvern (Lair:1)
  8 yaks
  A shadow (D:9)
  A vampire (D:10)
  4 basilisks
  2 fire bats (Lair:4)
  3 steam dragons
  A vampire mosquito (D:11)
  A warg (Orc:1)
  Menkaure (D:4)
  An acid dragon (D:12)
  2 nameless horrors
  An ice beast (D:7)
  9 orc warriors
  12 water moccasins
  3 black bears
  An ogre (Orc:1)
  A boggart (Lair:5)
  12 wolves
  2 centaurs
  A kobold brigand (D:10)
  4 phantoms
  11 bullfrogs
  2 gnoll sergeants
  4 scorpions
  2 wights (D:6)
  A killer bee (D:9)
  2 howler monkeys (D:8)
  6 lava snakes
  2 jellies
  2 hounds
  2 bombardier beetles
  6 orc priests
  10 orc wizards
  2 iguanas
  2 ogre zombies (D:9)
  16 gnolls
  8 adders
  A white imp (D:5)
  2 ufetubi (D:6)
  2 dart slugs (D:1)
  5 ribbon worms
  31 orcs
  6 ball pythons
  7 endoplasms
  2 giant cockroaches
  3 gnoll zombies (D:9)
  26 goblins
  7 hobgoblins
  9 jackals
  3 quokkas
  5 bats
  2 frilled lizards (D:1)
  3 gnoll skeletons (D:9)
  19 kobolds
  2 orc skeletons (D:9)
  12 orc zombies (D:9)
  5 rats
352 creatures vanquished.

Vanquished Creatures (others)
  An orc high priest (Orc:2)
  A death yak (Lair:4)
  2 harpies (Lair:2)
  3 orc sorcerers (Orc:2)
  A kobold blastminer (Orc:2)
  3 black mambas
  3 cane toads
  3 komodo dragons
  A troll (Orc:2)
  4 blink frogs
  4 spriggans (Lair:5)
  3 yaks (Lair:1)
  A wyvern (Lair:2)
  3 water moccasins
  8 orc warriors
  An ogre (Orc:2)
  8 wolves
  3 orc wizards (Orc:2)
  4 orcs
  109 blazeheart cores
  6 foxfires (Lair:2)
172 creatures vanquished.

Grand Total: 694 creatures vanquished

Notes
Turn   | Place    | Note
-------+----------+-------------------------------------------
     0 | D:1      | croobank the Felid Summoner began the quest for the Orb.
     0 | D:1      | Reached XP level 1. HP: 9/9 MP: 4/4
   270 | D:1      | Reached XP level 2. HP: 8/13 MP: 3/6
   295 | D:1      | Learned a level 2 spell: Call Imp
   868 | D:1      | Reached XP level 3. HP: 16/16 MP: 3/7
   872 | D:1      | Learned a level 3 spell: Call Canine Familiar
  2226 | D:2      | Reached XP level 4. HP: 21/21 MP: 3/8
  2226 | D:2      | Gained a life (2 lives remaining)
  2273 | D:2      | Found Huygajotte's Vocational Training.
  2922 | D:3      | You fall into a shaft and drop 2 floors!
  2922 | D:5      | Entered Level 5 of the Dungeon
  2977 | D:5      | Noticed a black bear
  2981 | D:5      | Noticed a water moccasin
  3036 | D:5      | Reached skill level 1 in Fighting
  3086 | D:5      | HP: 1/22 [black bear (8)]
  3086 | D:5      | Slain by a black bear
  3086 | D:5      | Lost a life (1 life remaining)
  3125 | D:5      | Found a white marble altar of Elyvilon.
  3132 | D:5      | Noticed a phantom
  3237 | D:4      | Reached XP level 5. HP: 25/25 MP: 3/10
  3532 | D:4      | Found Eheol's Book Shop.
  3668 | D:4      | Noticed Menkaure
  4682 | D:4      | Noticed a phantom
  4698 | D:3      | Killed a phantom
  4847 | D:4      | Killed Menkaure
  4848 | D:4      | Reached skill level 5 in Stealth
  4848 | D:4      | Reached skill level 5 in Summonings
  4848 | D:4      | Gained mutation: You are covered in thick fur. (AC +2)
                  | [Felid growth]
  4848 | D:4      | Reached XP level 6. HP: 23/30 MP: 2/12
  4853 | D:4      | Learned a level 4 spell: Summon Blazeheart Golem
  5156 | D:4      | Found a snail-covered altar of Cheibriados.
  5619 | D:5      | Reached skill level 5 in Dodging
  5619 | D:5      | Reached skill level 1 in Fire Magic
  5619 | D:5      | Reached XP level 7. HP: 32/35 MP: 2/13
  5619 | D:5      | Gained a life (2 lives remaining)
  7002 | D:6      | Reached XP level 8. HP: 40/40 MP: 11/15
  7040 | D:6      | Found a staircase to the Ecumenical Temple.
  7051 | Temple   | Entered the Ecumenical Temple
  8278 | D:7      | Learned a level 4 spell: Summon Lightning Spire
  8803 | D:8      | Reached skill level 1 in Air Magic
  8938 | D:8      | Reached XP level 9. HP: 45/45 MP: 17/17
  9333 | D:8      | Found a staircase to the Lair.
  9355 | D:8      | Reached skill level 5 in Spellcasting
  9355 | D:8      | Reached skill level 5 in Fire Magic
  9760 | D:8      | Found a hide-covered altar of Uskayaw.
  9762 | D:8      | Found a basalt altar of Yredelemnul.
  9763 | D:8      | Found an ancient bone altar of Kikubaaqudgha.
  9770 | D:8      | Became a worshipper of Kikubaaqudgha
  9996 | D:9      | Noticed a two-headed ogre
 10017 | D:9      | Killed a two-headed ogre
 10018 | D:9      | Reached skill level 5 in Fighting
 10037 | D:9      | Killed by an exploding blazeheart core
 10037 | D:9      | Lost a life (1 life remaining)
 10054 | D:9      | Reached XP level 10. HP: 51/51 MP: 13/19
 10054 | D:9      | Gained a life (2 lives remaining)
 10166 | D:9      | Reached * piety under Kikubaaqudgha
 10166 | D:9      | Received a gift from Kikubaaqudgha
 10168 | D:9      | Found a flagged portal.
 10276 | Bailey   | Entered a bailey
 10587 | Bailey   | Noticed an orc warlord
 10606 | Bailey   | Killed an orc warlord
 10796 | Bailey   | Reached ** piety under Kikubaaqudgha
 11080 | Bailey   | Acquired the amulet "Leonn" {RegenMP rPois rC+ rCorr Dex+3}
 11142 | D:9      | Reached skill level 5 in Air Magic
 11596 | D:9      | Noticed an orange crystal statue
 11667 | D:9      | Found an iron altar of Okawaru.
 11929 | D:9      | Reached *** piety under Kikubaaqudgha
 11929 | D:9      | Received a gift from Kikubaaqudgha
 11976 | D:9      | Found a staircase to the Orcish Mines.
 12451 | D:10     | Entered Level 10 of the Dungeon
 12451 | D:10     | Noticed Gastronok
 12495 | D:10     | Noticed a two-headed ogre
 12504 | D:10     | Killed a two-headed ogre
 12505 | D:10     | Reached skill level 10 in Stealth
 12505 | D:10     | Reached skill level 1 in Necromancy
 12505 | D:10     | Reached XP level 11. HP: 58/58 MP: 19/21
 12802 | D:10     | Killed Gastronok
 12825 | D:10     | Found a burning altar of Makhleb.
 12955 | D:10     | Found a sparkling altar of Nemelex Xobeh.
 13103 | D:10     | Noticed a two-headed ogre
 13114 | D:10     | Killed a two-headed ogre
 13115 | D:10     | Reached skill level 2 in Necromancy
 13131 | D:10     | Found a shimmering blue altar of Sif Muna.
 13370 | D:10     | Reached **** piety under Kikubaaqudgha
 13403 | D:10     | Found a portal to a secret trove of treasure.
 13630 | D:11     | Reached skill level 1 in Hexes
 13650 | D:11     | Found a bloodstained altar of Trog.
 13724 | D:11     | Noticed a soul eater
 13734 | D:11     | Reached skill level 10 in Dodging
 14204 | D:11     | Reached skill level 3 in Necromancy
 14298 | D:11     | Found Gobuix's Book Emporium.
 14378 | D:12     | Noticed a deep elf pyromancer
 14381 | D:12     | Noticed a purple ugly thing
 14384 | D:12     | Noticed a two-headed ogre
 14386 | D:12     | Noticed a skeletal warrior
 14387 | D:12     | Noticed a skeletal warrior
 14387 | D:12     | Noticed a skeletal warrior
 14389 | D:12     | Noticed a skeletal warrior
 14390 | D:12     | Noticed a skeletal warrior
 14815 | D:12     | Killed a purple ugly thing
 14820 | D:12     | Killed a two-headed ogre
 14901 | D:12     | Killed a deep elf pyromancer
 14940 | D:12     | Gained mutation: Your thick and shaggy fur keeps you warm.
                  | (AC +3, rC+) [Felid growth]
 14940 | D:12     | Reached XP level 12. HP: 57/63 MP: 17/23
 14983 | D:12     | Learned a level 4 spell: Anguish
 15000 | D:12     | Reached skill level 4 in Necromancy
 15186 | Lair:1   | Entered Level 1 of the Lair of Beasts
 15360 | Lair:1   | Reached skill level 5 in Hexes
 15691 | Lair:1   | Reached skill level 5 in Necromancy
 16341 | Lair:2   | Found a hole to the Spider Nest.
 16736 | Lair:2   | Reached ***** piety under Kikubaaqudgha
 16819 | Lair:2   | Found a runed translucent gate.
 16820 | Lair:2   | Found a runed translucent gate.
 16820 | Lair:2   | Found a runed translucent gate.
 16866 | Lair:2   | Reached skill level 6 in Necromancy
 17010 | Lair:2   | Reached skill level 10 in Summonings
 17016 | Lair:2   | Found a staircase to the Shoals.
 17159 | Lair:2   | Noticed soberseth's ghost (journeyman MDFE)
 17168 | Lair:2   | Reached XP level 13. HP: 70/70 MP: 26/26
 17171 | Lair:2   | Found a viscous altar of Jiyva.
 17198 | Lair:2   | Killed soberseth's ghost
 17795 | Lair:3   | Noticed Sonja
 17805 | Lair:3   | Killed Sonja
 17806 | Lair:3   | Reached skill level 7 in Necromancy
 18463 | Lair:3   | Reached skill level 10 in Fighting
 19035 | Lair:4   | Found the +6 arbalest "Damnation" {damnation}
 19038 | Lair:4   | Reached skill level 8 in Necromancy
 19746 | Lair:4   | Reached skill level 10 in Spellcasting
 19752 | Lair:4   | Found a staircase to the Slime Pits.
 20029 | Lair:4   | Reached skill level 9 in Necromancy
 20246 | Lair:4   | Reached skill level 10 in Necromancy
 20926 | Lair:5   | Entered Level 5 of the Lair of Beasts
 21123 | Lair:5   | Reached XP level 14. HP: 77/77 MP: 29/29
 21133 | Lair:5   | Reached skill level 11 in Necromancy
 21667 | Lair:5   | Learned a level 6 spell: Death Channel
 21676 | Lair:5   | Reached skill level 12 in Necromancy
 21814 | Lair:5   | Reached ****** piety under Kikubaaqudgha
 21825 | Lair:5   | Slain by a spriggan rider
 21825 | Lair:5   | Lost a life (1 life remaining)
 21826 | Lair:5   | Received a gift from Kikubaaqudgha (forbidden knowledge)
 22625 | Orc:1    | Entered Level 1 of the Orcish Mines
 22655 | Orc:1    | Reached skill level 13 in Necromancy
 22995 | Orc:2    | Entered Level 2 of the Orcish Mines
 22995 | Orc:2    | Found Ciwkop's CLEARANCE SALE!.
 23008 | Orc:2    | Found a staircase to the Elven Halls.
 23014 | Orc:2    | Found a bloodstained altar of Trog.
 23047 | Orc:2    | Found Lushueno's General Store.
 23052 | Orc:2    | Noticed an orc warlord
 23059 | Orc:2    | Slain by an orc high priest
 23059 | Orc:2    | Lost a life (0 lives remaining)
 23103 | Orc:2    | Found Susec's Jewellery Emporium.
 23104 | Orc:2    | Mangled by an orc knight

Illustrated notes

Levels and vault maps discovered:
D:1:      heliophobic_arrival_henge, layout_basic, grunt_decor_resistance,
          minmay_heptomino_d4
D:2:      layout_loops_ring, minmay_misc_feat_ornament, nicolae_shop_vocational
D:3:      layout_basic, chequers_serial_rivers_large_a
D:4:      layout_basic, slow_altar_2, serial_shops, shop, minmay_door_square,
          uniq_menkaure
D:5:      layout_basic, mainiacjoe_overflow_concentric_impassable,
          chequers_mini_garden, nicolae_kite_square_tiling_tiny,
          serial_bayou_pond_b, nicolae_concentric_dashed_squares_mild
D:6:      layout_basic, minmay_temple_entry_hall, serial_rivers,
          chequers_serial_rivers_room_a, chequers_serial_rivers_micro_d,
          chequers_serial_rivers_micro_c, chequers_serial_rivers_small_3
D:7:      layout_basic, dreamdust_mushroom_princess, serial_park_tiny_2
D:8:      layout_rooms, gammafunk_temple_overflow_forgotten, dpeg_lair_monsters,
          serial_glass, glass_columns_c, glass_columns_c, glass_columns_c,
          glass_columns_a, glass_columns_c, glass_columns_b, glass_columns_b,
          glass_columns_a
D:9:      layout_basic, okawaru_ov_weapons_minmay, zombieorc2_lemuel,
          enter_bailey_4, disabler_island
D:10:     layout_irregular_city, lemuel_tele_altar, lemuel_doored_altar,
          lemuel_crystal_altar, nicolae_trove_entry_path_of_doom, uniq_gastronok
D:11:     layout_roguey, serial_shops, nicolae_shop_real_fake_doors,
          trog_three_pillars_becter
D:12:     layout_cave_pools
Temple:   nicolae_temple_bog_church
Lair:1:   layout_cave_pods, chequers_serial_rivers_micro_c
Lair:2:   layout_long_grid, nicolae_shoals_entry_roost,
          nicolae_spider_entry_non_spiders, gammafunk_ghost_ooze,
          grunt_megastairs_4
Lair:3:   layout_chaotic_city, serial_bayou_pond_c, minivault_25, uniq_sonja
Lair:4:   layout_gridlike, minmay_slime_entry_oklob_open
Lair:5:   minmay_lair_end_enchanted_forest, layout_big_grid
Orc:1:    layout_caves, uniq_nergalle
Orc:2:    grunt_orc_gardens, layout_diamond_mine, grunt_orc_garden,
          grunt_orc_garden, grunt_orc_garden, grunt_orc_garden, basic_altar,
          nicolae_shop_clearance

Skill      XL: |  1  2  3  4  5  6  7  8  9 10 11 12 13 14 |
---------------+-------------------------------------------+-----
Stealth        | 3 4 5 6 7 8 10 | 10.0
Dodging        | 3 4 5 6 8 9 10 | 10.0
Fighting       | 1 2 3 4 5 6 7 9 10 | 10.0
Spellcasting   | 3 4 5 6 7 8 10 | 10.0
Summonings     | 5 6 7 8 10 | 10.0
Fire Magic     | 1 2 4 5 |  5.0
Air Magic      | 1 3 5 7 |  7.0
Necromancy     | 1 3 6 10 13 | 13.6
Hexes          | 4 7 |  7.0

Action                     |  1- 3 |  4- 6 |  7- 9 | 10-12 | 13-15 || total
---------------------------+-------+-------+-------+-------+-------++-------
  Melee: Unarmed           |     6 |    22 |    69 |    71 |    76 ||   244
         Bite              |     1 |     3 |     6 |    13 |    15 ||    38
         Punch             |     1 |       |     2 |     1 |     1 ||     5
   Cast: Summon Small Mamm |    46 |    37 |    43 |    10 |       ||   136
         Call Imp          |    24 |    19 |    29 |    16 |     9 ||    97
         Call Canine Famil |     2 |    12 |    23 |    14 |    12 ||    63
         Summon Blazeheart |       |     1 |    15 |    93 |    62 ||   171
         Summon Lightning  |       |       |     3 |    50 |    61 ||   114
         Anguish           |       |       |       |    39 |    88 ||   127
         Death Channel     |       |       |       |       |     6 ||     6
 Invoke: Unearth Wretches  |       |       |       |       |     2 ||     2
         Receive Forbidden |       |       |       |       |     1 ||     1
  Evoke: Wand              |       |       |       |       |     5 ||     5
    Use: Scroll            |       |     4 |    14 |     8 |     4 ||    30
         Potion            |       |       |     1 |     1 |     2 ||     4
   Stab: Sleeping          |     2 |     5 |     3 |       |       ||    10
         Distracted        |       |       |     2 |     2 |       ||     4
 Armour: Skin              |     7 |    26 |    46 |    71 |   115 ||   265
  Dodge: Dodged            |    12 |    57 |   103 |   208 |   240 ||   620

Table legend: (Time is in decaauts)
 A = Elapsed time spent in this place.
 B = Non-inter-level travel time spent in this place.
 C = Inter-level travel time spent in this place.
 D = Time resting spent in this place.
 E = Time spent auto-exploring this place.
 F = Levels seen in this place.
 G = Mean time per level.
                   A        B        C        D        E       F      G
               +--------+--------+--------+--------+--------+-----+--------+
         Total |  23135 |  22414 |    721 |   4474 |  12796 |  21 | 1101.7 |
       Dungeon |  14404 |  13874 |    530 |   2653 |   8314 |  12 | 1200.3 |
        Temple |     11 |      5 |      6 |      0 |      0 |   1 |   11.0 |
          Lair |   7404 |   7228 |    176 |   1587 |   4029 |   5 | 1480.8 |
  Orcish Mines |    478 |    469 |      9 |      0 |    284 |   2 |  239.0 |
        Bailey |    836 |    836 |      0 |    234 |    169 |   1 |  836.0 |
               +--------+--------+--------+--------+--------+-----+--------+

Top non-repeatable levels by time:
  Lair:4: 2032 daAuts
     D:9: 1715 daAuts
  Lair:5: 1594 daAuts
     D:5: 1441 daAuts
     D:3: 1440 daAuts
     D:4: 1394 daAuts
  Lair:3: 1384 daAuts
  Lair:2: 1330 daAuts
     D:1: 1307 daAuts
     D:8: 1306 daAuts
     D:6: 1229 daAuts
    D:11: 1214 daAuts
     D:2: 1168 daAuts
    D:10: 1133 daAuts
  Lair:1: 1063 daAuts
